Map: Ultralove

Players

sangre - Winner!

  • Race: Terran Terran
  • League: Silver
  • Spawn Location: 1:00

WeAreLegion

  • Race: Terran Terran
  • League: Gold
  • Spawn Location: 7:00

VOD

Have the link to the VOD?

Description

Time

  • Played on: Dec. 17, 2024, 11:28 p.m.
  • Length: 22:12
Show
View Real Time Build Order
Export as new Build Order

sangre Terran - Winner!

Build Orders:  

Get SALT Encoding   

  12  0:02  SCV  
  13  0:15  SCV  
  13  0:20  Supply Depot  
  14  0:27  SCV  
  15  0:38  Refinery  
  15  0:41  SCV  
  16  0:44  Barracks  
  16  0:54  SCV  
  17  1:06  SCV  
  18  1:18  SCV  
  19  1:31  Marine  
  20  1:33  Command Center  
  20  1:34  SCV  
  21  1:40  Refinery  
  21  1:50  Barracks Reactor  
  21  1:59  Orbital Command  
  21  2:15  Factory  
  21  2:18  Supply Depot  
  21  2:26  SCV  
  22  2:34  Marine  
  23  2:40  Marine  
  23  2:42  Supply Depot  
  24  2:59  Marine x2  
  24  3:02  Factory Tech Lab  
  26  3:11  Refinery  
  26  3:13  Command Center  
  26  3:17  SCV  
  26  3:18  Marine  
  26  3:19  Marine  
  29  3:31  SCV x2  
  31  3:44  Engineering Bay  
  31  3:46  Siege Tank  
  31  3:47  Marine  
  35  3:50  Marine  
  36  4:05  Orbital Command  
  36  4:09  SCV, Marine  
  38  4:19  Missile Turret  
  38  4:20  Terran Infantry Weapons Level 1  
  38  4:33  Starport  
  38  4:44  Missile Turret  
  38  4:45  Siege Tank  
  41  4:54  SCV x2  
  41  4:55  SCV  
  44  5:05  Marine x2  
  46  5:07  Missile Turret  
  46  5:09  Missile Turret  
  46  5:16  Orbital Command  
  46  5:19  Medivac  
  48  5:25  SCV x2  
  50  5:33  Marine  
  50  5:34  Marine  
  50  5:35  Refinery  
  52  5:47  Armory  
  52  5:58  Liberator  
  55  6:05  Marine x2  
  57  6:21  Barracks  
  57  6:22  Terran Infantry Armor Level 1  
  57  6:26  Marine x2  
  58  6:36  Command Center  
  58  6:38  Command Center  
  58  6:44  Marine, Factory Tech Lab  
  57  7:07  Missile Turret  
  57  7:15  Terran Vehicle Weapons Level 1  
  57  7:17  Thor  
  57  7:19  Marine x2  
  65  7:23  SCV x2  
  67  7:46  Liberator  
  67  7:47  Supply Depot  
  67  7:49  Supply Depot  
  70  8:10  Thor  
  76  8:28  Refinery  
  76  8:32  Refinery  
  76  8:34  Planetary Fortress  
  76  8:35  Missile Turret x2  
  76  8:39  SCV x2  
  76  8:40  Orbital Command  
  78  8:43  Barracks Tech Lab  
  78  8:52  Thor  
  78  8:54  Supply Depot  
  84  9:03  Marine x3  
  87  9:21  Marine  
  82  9:51  Marine x2  
  82  9:52  Marauder  
  86  9:54  Thor  
  92  10:08  Starport  
  92  10:10  Marine  
  92  10:11  Marine  
  94  10:15  Factory  
  94  10:16  Factory  
  94  10:17  Starport  
  94  10:24  Orbital Command, Marine  
  95  10:31  Terran Infantry Armor Level 2  
  95  10:36  Terran Vehicle And Ship Armor Level 1, Thor  
  94  11:24  Marine  
  94  11:25  Marine x2  
  97  11:27  Factory Tech Lab x2  
  97  11:33  Liberator  
  97  11:35  Starport Tech Lab x2  
  97  11:59  Refinery  
  97  12:00  Refinery  
  46  12:37  Marine x3  
  46  12:38  Thor  
  46  12:39  Thor x2  
  46  12:42  Orbital Command, Banshee x2  
  46  12:43  Liberator  
  76  12:54  Marine  
  77  13:04  Marine  
  77  13:05  Marauder  
  80  13:12  Marine  
  81  13:21  Thor  
  81  13:22  Thor  
  81  13:24  Terran Infantry Armor Level 3  
  81  13:25  Banshee  
  81  13:26  Terran Vehicle Weapons Level 2  
  96  14:01  Thor  
  96  14:02  Marine x2  
  103  14:03  Marine  
  103  14:05  Starport Tech Lab  
  105  14:20  Marine  
  105  14:24  Thor x2  
  112  14:26  Marine x2  
  112  14:29  Raven  
  112  14:30  Banshee x2  
  128  14:38  Marine  
  129  14:44  Thor, Marine x2  
  137  14:56  Marine  
  135  15:03  Liberator  
  138  15:22  Thor  
  138  15:25  Thor  
  147  15:42  Terran Vehicle And Ship Armor Level 2  
  129  16:23  Marine x3  
  129  16:25  Thor x3  
  138  16:29  Raven, Liberator  
  155  16:41  Marine  
  153  16:57  Marine x2  
  153  17:01  Raven  
  154  17:10  SCV  
  154  17:11  SCV  
  156  17:40  Supply Depot  
  156  17:43  Supply Depot  
  156  17:45  Terran Infantry Weapons Level 2  
  156  17:55  Interference Matrix  
  156  17:58  Terran Vehicle Weapons Level 3  
  156  18:00  Stimpack  
  156  18:02  Marine x2  
  158  18:10  Marine  
  158  18:12  Supply Depot, Thor  
  159  18:13  Thor  
  159  18:19  Marine  
  172  18:33  Marine x2  
  174  18:36  Supply Depot  
  174  18:51  Marine  
  174  18:52  Marine  
  176  18:56  Medivac  
  176  18:58  Thor  
  177  19:40  Combat Shield  
  137  20:04  Marine x2  
  137  20:05  Marine  
  137  20:06  Thor x3  
  149  20:49  Thor x2  
  158  20:59  Concussive Shells  
  158  21:02  Thor  
  164  21:12  Command Center  
  164  21:14  Command Center  
  162  21:39  Marine x3  
Show
View Real Time Build Order
Export as new Build Order

WeAreLegion Terran 

Build Orders:  

Get SALT Encoding   

  12  0:00  SCV  
  13  0:12  SCV  
  14  0:17  Supply Depot  
  14  0:25  SCV  
  15  0:38  SCV  
  16  0:43  Barracks  
  16  0:47  Refinery  
  16  0:50  SCV  
  16  0:54  Refinery  
  17  1:02  SCV  
  18  1:14  SCV  
  19  1:29  Orbital Command  
  19  1:31  Reaper  
  20  1:45  Factory  
  20  1:56  SCV  
  21  2:02  Marine  
  21  2:03  Supply Depot  
  21  2:08  SCV  
  23  2:21  Barracks Reactor  
  23  2:25  SCV  
  23  2:37  Starport  
  23  2:40  Hellion  
  23  2:42  SCV  
  26  2:54  SCV  
  27  3:02  Marine x2  
  29  3:06  SCV  
  29  3:09  Factory Tech Lab  
  30  3:18  Supply Depot  
  30  3:20  Marine  
  30  3:21  Command Center  
  31  3:39  SCV, Marine  
  33  3:43  Factory Tech Lab  
  33  3:45  Marine  
  34  3:51  SCV  
  35  3:57  Marine  
  35  3:58  Engineering Bay  
  35  3:59  Banshee  
  35  4:00  Cloaking Field  
  39  4:10  Supply Depot  
  39  4:21  Engineering Bay  
  39  4:29  Barracks  
  39  4:32  SCV, Marine x2  
  39  4:33  Orbital Command  
  39  4:37  Supply Depot  
  42  4:39  Supply Depot  
  42  4:44  SCV  
  43  4:47  Banshee  
  43  4:49  Marine  
  47  4:54  Marine  
  47  4:56  SCV  
  47  4:59  Siege Tank  
  52  5:02  SCV  
  53  5:07  Marine  
  53  5:08  SCV  
  53  5:11  Supply Depot  
  55  5:14  Supply Depot, SCV  
  55  5:20  SCV  
  57  5:25  Barracks  
  57  5:26  Barracks Reactor  
  57  5:29  Barracks Tech Lab  
  57  5:44  Siege Tank  
  60  5:53  Marine x3  
  60  5:55  Raven  
  65  6:05  Refinery  
  65  6:07  Refinery  
  65  6:08  Terran Infantry Weapons Level 1  
  65  6:11  Marine x2  
  66  6:12  Marauder  
  69  6:30  Raven  
  71  6:33  Marauder  
  73  6:40  Stimpack  
  67  6:54  Marine, Marauder  
  67  6:55  Marine x2  
  67  6:56  Siege Tank  
  75  7:08  Missile Turret  
  75  7:13  SCV  
  75  7:14  SCV, Marine  
  78  7:19  Command Center  
  78  7:24  Missile Turret  
  78  7:25  SCV, Barracks Reactor  
  78  7:26  SCV  
  80  7:32  Barracks  
  80  7:38  SCV  
  80  7:39  Supply Depot  
  80  7:41  Supply Depot  
  80  7:42  SCV  
  82  7:50  SCV  
  82  7:54  SCV  
  79  8:13  SCV x2  
  79  8:15  Marine x3  
  79  8:19  Marine  
  85  8:20  Siege Tank, Medivac  
  85  8:21  Medivac  
  85  8:25  SCV  
  93  8:27  Combat Shield, Barracks Reactor  
  93  8:32  Marine x2  
  93  8:33  Marauder  
  97  8:36  Marine  
  98  8:43  Barracks  
  98  8:44  Terran Infantry Armor Level 1  
  98  8:49  Armory  
  98  8:50  Marine x2, Medivac  
  98  8:51  SCV  
  98  8:52  SCV, Siege Tank  
  98  8:54  Marine, Marauder  
  110  8:57  Planetary Fortress  
  110  9:04  SCV x2  
  110  9:08  Marine x2  
  114  9:13  Marauder  
  106  9:26  Marine x2  
  106  9:27  Marine x2, Marauder  
  111  9:34  Marauder  
  88  9:49  Marauder  
  90  9:54  Marine x4  
  90  9:55  Siege Tank, Marine  
  90  9:57  Viking  
  100  10:10  Marauder  
  100  10:12  Marine x3  
  100  10:13  Marauder  
  107  10:16  Supply Depot  
  107  10:20  Supply Depot  
  107  10:23  Barracks Reactor  
  107  10:26  Concussive Shells  
  107  10:27  SCV x3  
  107  10:28  Widow Mine  
  111  10:29  Marine  
  111  10:31  Marauder  
  111  10:34  Marauder  
  116  10:39  SCV x3  
  119  10:49  Supply Depot, Siege Tank  
  122  10:52  Supply Depot  
  122  10:53  Marauder  
  122  10:56  Refinery  
  125  10:57  SCV x3, Refinery  
  125  10:59  Marine x5  
  132  11:09  SCV  
  132  11:11  SCV  
  134  11:14  Marine  
  126  11:21  Siege Tank  
  119  11:29  Marine x2  
  119  11:30  Marine x3  
  119  11:32  Marauder  
  126  11:48  Marine x3, Marauder  
  126  11:53  Marauder  
  128  12:05  Marine  
  128  12:06  Marine x2  
  127  12:10  Marauder  
  127  12:15  Marauder  
  86  12:31  Marauder  
  86  12:36  Marauder  
  72  12:44  Marine x4  
  72  12:46  Siege Tank  
  72  12:47  Viking x2  
  83  12:51  SCV x2  
  83  12:52  SCV, Marauder  
  83  12:57  Marine  
  89  13:02  Marine  
  89  13:03  SCV x2  
  89  13:04  SCV  
  93  13:14  Marauder  
  93  13:15  SCV, Marauder  
  93  13:16  SCV x2, Marine x3  
  93  13:17  Viking x2  
  93  13:18  Siege Tank, Command Center x2  
  110  13:20  Marine, Terran Infantry Weapons Level 2  
  110  13:22  Terran Infantry Armor Level 2  
  110  13:24  Terran Ship Weapons Level 1  
  111  13:28  SCV  
  111  13:30  Armory  
  112  13:35  Marauder  
  112  13:37  Marauder  
  116  13:50  Siege Tank  
  116  13:51  Factory  
  116  13:52  Starport  
  119  13:56  Marauder  
  119  13:57  Medivac x2  
  119  14:02  Marine x3  
  128  14:15  SCV x3  
  131  14:22  Siege Tank  
  134  14:27  SCV, Medivac x2  
  139  14:52  Marine x2  
  139  14:53  Marine x2, Marauder  
  139  14:54  Marauder  
  139  14:55  Factory Tech Lab  
  139  14:56  Starport Reactor  
  147  15:02  Marine  
  147  15:03  Marine  
  147  15:10  Marine x2  
  152  15:14  Siege Tank x2  
  152  15:15  Marauder x2, Viking x2  
  152  15:17  Marine x2  
  152  15:20  Marine  
  166  15:36  Marauder x2  
  155  15:44  Marine x4  
  155  15:45  Marine, Viking x2  
  155  15:46  Siege Tank x2  
  135  15:50  Marine  
  132  15:57  Marauder  
  132  15:58  Marauder  
  132  16:01  Marine  
  132  16:02  Marine x4, Viking  
  143  16:14  Terran Infantry Weapons Level 3  
  143  16:15  Terran Infantry Armor Level 3, Viking  
  143  16:17  Terran Ship Weapons Level 2  
  143  16:18  Siege Tank x2, Marine  
  151  16:19  Marauder x2  
  156  16:26  Orbital Command  
  156  16:40  Marauder x2  
  160  16:50  Siege Tank  
  160  16:51  Siege Tank  
  162  17:02  Marauder  
  164  17:18  Marine x5, Marauder  
  164  17:21  Supply Depot  
  171  17:23  Supply Depot  
  171  17:24  Supply Depot  
  171  17:25  SCV  
  172  17:32  Command Center  
  172  17:43  SCV, Marine, Marauder x2, Medivac  
  180  17:44  Marine  
  180  17:45  Medivac x3  
  187  18:05  Marauder x2  
  191  18:26  Marauder  
  193  18:33  Marine x3  
  194  19:01  Marine x2  
  196  19:02  Medivac  
  196  19:03  Medivac  
  130  20:07  Marine x3  
  130  20:08  Marine x2, Marauder x2  
  130  20:09  Siege Tank x2  
  130  20:10  Viking x3  
  130  20:12  Liberator  
  142  20:30  Marauder x2  
  142  20:33  Marine x4  
  138  20:40  Liberator  
  138  20:41  Siege Tank x2  
  143  20:45  Marine x2  
  143  20:48  Viking x2  
  144  20:50  Marine x2  
  144  20:51  Marine x2, Marauder x2  
  144  20:55  Viking  
  143  21:03  Marine x2  
  137  21:04  Command Center  
  137  21:08  Marine x2  
  139  21:12  Marauder  
  139  21:13  Siege Tank, Marauder, SCV x2  
  139  21:14  Marine x2  
  139  21:18  Viking  
  152  21:20  Widow Mine  
  152  21:21  Marine x2  
  152  21:22  Command Center  
  156  21:25  SCV  
  156  21:26  Marine  
  155  21:33  Command Center  
  155  21:34  Marauder x2  
  133  21:42  Widow Mine  
  133  21:46  Widow Mine  
Tags
 
Matchup
TvT
Race
Terran
Replay Pack
December
Spawn Locations
Cross Positions
Add a new tag
Caveats
  • Supply blocks, unpowered buildings, or Contaminate may cause inaccurate times.
  • Supply counts are checked every 10 seconds.